 Dungeon Crawl Stone Soup version 0.23-a0-639-ga9a3373 (webtiles) character file.

391 Leeroy the Slasher (level 6, -8/48 HPs)
             Began as a Draconian Skald on Dec 29, 2018.
             Was an Initiate of Wu Jian.
             Mangled by Sigmund
             ... wielding a +0 scythe
              (16 damage)
             ... on level 4 of the Dungeon.
             The game lasted 00:13:00 (4204 turns).

Leeroy the Slasher (Draconian Skald)                Turns: 4204, Time: 00:13:01

Health: -8/48      AC: 14    Str: 13    XL:     6   Next: 50%
Magic:  6/9        EV: 12    Int: 16    God:    Wu Jian [......]
Gold:   192        SH:  0    Dex: 10    Spells: 2/9 levels left

rFire    + . .     SeeInvis .   f - +0 dagger (protect)
rCold    . . .     Gourm    .   (no shield)
rNeg     . . .     Faith    .   (armour unavailable)
rPois    .         Spirit   .   (helmet restricted)
rElec    .         Reflect  .   (no cloak)
rCorr    .         Harm     .   (no gloves)
MR       .....                  d - +0 pair of boots
Stlth    +.........             (no amulet)
HPRegen  0.16/turn              j - ring of protection from fire
MPRegen  0.11/turn              (no ring)

@: protection aura
A: unfitting armour, cold-blooded, AC +6
a: Renounce Religion


You were on level 4 of the Dungeon.
You worshipped Wu Jian.
Wu Jian was noncommittal.
You were hungry.

You visited 1 branch of the dungeon, and saw 4 of its levels.

You collected 192 gold pieces.

Inventory:

Hand Weapons
 a - a +0 falchion
 f - a +0 dagger of protection (weapon)
 k - a +0 short sword
 u - a +0 flail
 v - a +0 dagger
 w - a +0 mace
 x - a +0 hand axe
Missiles
 e - 93 stones (quivered)
 g - 38 sling bullets
 o - 38 arrows
 q - 9 poisoned needles
Armour
 d - a +0 pair of boots (worn)
 z - the cursed +0 shield of Guopnag {rElec Dex+2}
   (You found it on level 4 of the Dungeon)

   It affects your dexterity (+2).
   It insulates you from electricity.
   It has a curse placed upon it.
Jewellery
 j - a ring of protection from fire (left hand)
Scrolls
 h - a scroll of identify
 m - a scroll of teleportation
 n - a scroll of random uselessness {unknown}
 p - a scroll of fog {unknown}
 s - a scroll of immolation {unknown}
 t - a scroll of enchant weapon {unknown}
 y - a scroll of amnesia {unknown}
Potions
 b - a potion of agility
 l - a potion of curing {unknown}
 r - a potion of lignification
 A - a potion of mutation {unknown}
Comestibles
 c - 5 rations


   Skills:
 - Level 2.1 Fighting
 - Level 0.6(3.8) Short Blades
 + Level 6.1 Long Blades
 - Level 2.1 Dodging
 - Level 2.0 Spellcasting
 + Level 2.5 Hexes
 - Level 2.6 Charms
 - Level 0.3 Necromancy


You had 2 spell levels left.
You knew the following spells:

 Your Spells              Type           Power        Failure   Level  Hunger
a - Infusion              Chrm           ##..         7%          1    #......
b - Spectral Weapon       Hex/Chrm       ##......     22%         3    ###....
c - Regeneration          Chrm/Necr      #.........   32%         3    ###....

Your spell library contained the following spells:

 Spells                   Type           Power        Failure   Level  Hunger
 Song of Slaying          Chrm           ##......     11%         2    ###....
 Shroud of Golubria       Chrm/Tloc      #.........   19%         2    ###....


Dungeon Overview and Level Annotations

Branches:
Dungeon (4/15)
 Temple: D:4-7

Altars:
Ashenzari
Fedhas
Gozag
Nemelex Xobeh
Ru
Sif Muna
Trog
Wu Jian
Xom
Zin

Annotations:
D:4 Sigmund


Innate Abilities, Weirdness & Mutations

Your plain brown scales are hard. (AC +6)
You cannot fit into any form of body armour.
You are cold-blooded and may be slowed by cold attacks.


Message History

You hear some strange, mumbled words.
A puff of flame appears from out of thin air!
The puff of flame hits you! You resist.
You closely miss something.
You feel less confused. Something hits you but does no damage.
You barely miss something. Something hits you!
You miss something. You hit something but do no damage.
Your weapon exudes an aura of protection.
You tail-slap something. Something hits you but does no damage.
You miss something. You tail-slap something. You hit something.
Something hits you.
* * * LOW HITPOINT WARNING * * *
You barely miss something.
Your tail-slap misses something.
You barely miss something. Something hits you.
* * * LOW HITPOINT WARNING * * *
You miss something. You miss something. Something hits you!
You die...

.................#...##..........
....#............##..##..........
...###.............#.............
...#........#.###.##..#._......#.
.........#####.#..##....#..##
...............#...#.#..#...#
...............(............#
#......)....................
#..#......{@..(.............
#....<....(..............#.
#...(................###..#
#..###.?.........#...# #.
#..........##..## ..
#...........# .. .
............... ...............##
#...............


You could see a friendly spectral +0 dagger of protection.

Vanquished Creatures
  2 ogres (D:3)
  Natasha (thrice) (D:2)
  A worker ant (D:4)
  3 adders
  2 worms
  2 dart slugs
  2 leopard geckos (D:1)
  6 orcs
  2 ball pythons
  4 bats
  2 giant cockroaches (D:1)
  4 goblins
  3 hobgoblins
  19 jackals
  2 quokkas (D:3)
  5 frilled lizards
  10 kobolds
  A leopard gecko skeleton (D:4)
  9 rats
82 creatures vanquished.

Vanquished Creatures (others)
  A spectral weapon (D:3)
1 creature vanquished.

Grand Total: 83 creatures vanquished

Notes
Turn   | Place    | Note
-------+----------+-------------------------------------------
     0 | D:1      | Leeroy the Draconian Skald began the quest for the Orb.
     0 | D:1      | Reached XP level 1. HP: 17/17 MP: 3/3
     6 | D:1      | Noticed a rime drake
     6 | D:1      | Noticed a water moccasin
     7 | D:1      | Noticed a lindwurm
     7 | D:1      | Noticed a komodo dragon
    74 | D:1      | Reached XP level 2. HP: 19/24 MP: 5/5
    99 | D:1      | Reached skill level 3 in Long Blades
   383 | D:1      | Reached XP level 3. HP: 26/29 MP: 6/6
   484 | D:1      | You fall through a shaft!
   711 | D:1      | Reached skill level 4 in Long Blades
   989 | D:1      | Learned a level 3 spell: Spectral Weapon
  1122 | D:2      | Reached XP level 4. HP: 35/36 MP: 7/7
  1130 | D:2      | Learned a level 3 spell: Regeneration
  1276 | D:2      | Found a blossoming altar of Fedhas.
  1314 | D:2      | Noticed Natasha
  1339 | D:2      | Killed Natasha
  1423 | D:2      | Noticed Natasha
  1578 | D:2      | Killed Natasha
  1869 | D:2      | Noticed Natasha
  1886 | D:2      | Killed Natasha
  1886 | D:2      | Reached skill level 5 in Long Blades
  1886 | D:2      | Reached XP level 5. HP: 33/41 MP: 5/8
  2356 | D:3      | Reached skill level 1 in Hexes
  2497 | D:3      | Found a deep blue altar of Sif Muna.
  2497 | D:3      | Found a bloodstained altar of Trog.
  2504 | D:3      | Found a sparkling altar of Nemelex Xobeh.
  2506 | D:3      | Found an opulent altar of Gozag.
  2541 | D:3      | Found a sacrificial altar of Ru.
  2576 | D:3      | Found a glowing silver altar of Zin.
  2653 | D:3      | Found a shimmering altar of Xom.
  2657 | D:3      | Found a shattered altar of Ashenzari.
  2771 | D:3      | Noticed an ogre
  2798 | D:3      | Killed an ogre
  2798 | D:3      | Reached XP level 6. HP: 17/48 MP: 1/9
  3179 | D:4      | Got a polished shield
  3182 | D:4      | Identified the cursed +0 shield of Guopnag {rElec Dex+2}
                  | (You found it on level 4 of the Dungeon)
  3267 | D:3      | Reached skill level 6 in Long Blades
  3712 | D:4      | Found an ornate altar of the Wu Jian Council.
  3713 | D:4      | Noticed Sigmund
  3723 | D:4      | Became a worshipper of the Wu Jian Council
  4204 | D:4      | Mangled by Sigmund

Vault maps used:
D:1:      onia_arrival_zoo_common
D:2:      fedhas_altar_1, corexii_item_surrounded_by_moat, uniq_natasha
D:3:      minitemple, chequers_temple_overflow_minitemple,
          nicolae_overflow_hidden_temple
D:4:      overflow_temple_1_default, uniq_sigmund

Skill      XL: |  1  2  3  4  5  6 |
---------------+-------------------+-----
Long Blades    | 3 4 5 6 |  6.1
Hexes          | 1 2 |  2.5
Fighting       | |  2.1
Short Blades   | |  0.6
Dodging        | |  2.1
Spellcasting   | |  2.0
Charms         | |  2.6
Necromancy     | |  0.3

Action                   |  1- 3 |  4- 6 || total
-------------------------+-------+-------++-------
Melee: Falchion          |    21 |       ||    21
       Tailslap          |    24 |    36 ||    60
       Dagger            |   202 |   318 ||   520
 Cast: Infusion          |     1 |       ||     1
       Spectral Weapon   |       |     7 ||     7
       Regeneration      |       |     2 ||     2
Invok: Lunge             |       |     2 ||     2
  Use: Scroll            |     2 |     3 ||     5
       Potion            |       |     1 ||     1
  Eat: Chunk             |     1 |    11 ||    12
Armor: Skin              |   138 |   113 ||   251
Dodge: Dodged            |   225 |   201 ||   426
       Rpst.: Falchion   |    12 |       ||    12

Table legend:
 A = Non-vault XP
 B = Vault XP
 C = Vault XP percentage of total XP
 D = Non-vault monster count
 E = Vault monster count
 F = Vault count percentage of total count
                 A         B        C        D         E       F
            +---------+---------+-------+---------+---------+-------
      Total |     524 |      35 |   6.3 |      81 |       1 |   1.2
            +---------+---------+-------+---------+---------+-------
        D:1 |      67 |       0 |   0.0 |      37 |       0 |   0.0
        D:2 |     119 |      35 |  22.7 |      20 |       1 |   4.8
        D:3 |     300 |       0 |   0.0 |      20 |       0 |   0.0
        D:4 |      38 |       0 |   0.0 |       4 |       0 |   0.0
            +---------+---------+-------+---------+---------+-------
